[Event "Titled Tuesday Blitz October 26 2021"]
[White "Golubev, Mikhail"]
[Black "Remizov, Yaroslav"]
[WhiteFideId "14100983"]
[BlackFideId "34134015"]
[WhiteElo "2374"]
[BlackElo "2375"]
[Result "1-0"]
[Round "10"]
[TimeControl "180+1"]
[Date "2021.10.26"]
[WhiteClock "0:00:54"]
[BlackClock "0:00:02"]

1. e4 Nc6 2. Nf3 d6 3. d4 e5 4. Bb5 Bg4 5. dxe5 dxe5 6. Qxd8+ Rxd8 7. Nbd2 f6 8. c3 Ne7 9. h3 Be6 10. Bc4 Kf7 11. Ke2 Ng6 12. g3 h5 13. Bxe6+ Kxe6 14. a4 h4 15. Nc4 a5 16. Ne3 Rd7 17. Nf5 hxg3 18. fxg3 Bc5 19. h4 Kf7 20. h5 Nge7 21. Nxe7 Nxe7 22. g4 Ke6 23. Bd2 Ba7 24. Raf1 c6 25. g5 f5 26. g6 f4 27. Ng5+ Kf6 28. Nf7 Re8 29. Be1 Be3 30. Bh4+ Ke6 31. Ng5+ Kd6 32. Rd1+ Nd5 33. exd5 cxd5 34. c4 d4 35. Ne4+ Kc6 36. h6 Rf8 37. h7 f3+ 38. Kd3 f2 39. Rdf1 1-0


[Site "https://www.chess.com"]

[Event "Titled Tuesday Blitz October 26 2021"]
[White "Grischuk, Alexander"]
[Black "Samadov, Read"]
[WhiteFideId "4126025"]
[BlackFideId "13417444"]
[WhiteElo "2757"]
[BlackElo "2084"]
[Result "1-0"]
[Round "10"]
[TimeControl "180+1"]
[Date "2021.10.26"]
[WhiteClock "0:00:46"]
[BlackClock "0:00:02"]

1. e4 c5 2. Nc3 d6 3. d4 cxd4 4. Qxd4 Nc6 5. Qd2 g6 6. b3 Bh6 7. f4 Nf6 8. Bb2 O-O 9. O-O-O a5 10. a4 Nb4 11. Kb1 Bg4 12. Be2 Bxe2 13. Ngxe2 Rc8 14. Qe3 Qc7 15. Rd2 Rfd8 16. Rhd1 Qc6 17. Nd4 Qe8 18. Ndb5 Bg7 19. Qf3 Nd7 20. h4 Nc5 21. h5 Qd7 22. g4 Qe6 23. e5 Nxb3 24. cxb3 Qxb3 25. h6 Bxh6 26. exd6 exd6 27. Nxd6 Rc6 28. Nf5 Rxd2 29. Nxh6+ Kf8 30. Rxd2 1-0


[Site "https://www.chess.com"]

[Event "Titled Tuesday Blitz October 26 2021"]
[White "Hjartarson, Johann"]
[Black "Shipov, Sergei"]
[WhiteFideId "2300044"]
[BlackFideId "4113624"]
[WhiteElo "2502"]
[BlackElo "2796"]
[Result "1-0"]
[Round "10"]
[TimeControl "180+1"]
[Date "2021.10.26"]
[WhiteClock "0:00:12"]
[BlackClock "0:00:05"]

1. Nf3 Nf6 2. g3 d5 3. b4 Bg4 4. Ne5 Bh5 5. Bb2 e6 6. a3 Nbd7 7. Bg2 a5 8. b5 a4 9. O-O Bd6 10. d4 O-O 11. Nd2 Nb6 12. c4 dxc4 13. Ndxc4 Nxc4 14. Nxc4 Qd7 15. Bxb7 Qxb5 16. Bxa8 Qxc4 17. Bf3 Bxf3 18. exf3 Rb8 19. Rb1 Rb3 20. Re1 Nd5 21. Kg2 Qb5 22. Ba1 Bxa3 23. Qc2 h6 24. Qe4 Bd6 25. h4 g6 26. h5 gxh5 27. Rxb3 axb3 28. Bb2 Nf6 29. Qh4 Qg5 30. Ra1 Nd5 31. Qe4 Qd2 32. Ra8+ Kg7 33. Ba3 1-0


[Site "https://www.chess.com"]

[Event "Titled Tuesday Blitz October 26 2021"]
[White "Ibarra Jerez, Jose Carlos"]
[Black "Tregubov, Pavel V."]
[WhiteFideId "2226332"]
[BlackFideId "4115341"]
[WhiteElo "2626"]
[BlackElo "2423"]
[Result "1-0"]
[Round "10"]
[TimeControl "180+1"]
[Date "2021.10.26"]
[WhiteClock "0:00:21"]
[BlackClock "0:00:37"]

1. d4 Nf6 2. Bf4 d5 3. e3 c5 4. Nf3 Nc6 5. Nbd2 cxd4 6. exd4 Bf5 7. Bb5 e6 8. O-O Bd6 9. Bxd6 Qxd6 10. Ne5 O-O 11. Bxc6 bxc6 12. Nb3 Rab8 13. Qc1 Ne8 14. Nc5 f6 15. Ned7 e5 16. Nxb8 Qxb8 17. c3 Nd6 18. Re1 Re8 19. b3 h5 20. a4 e4 21. Qf4 g5 22. Qd2 h4 23. f3 Kg7 24. fxe4 dxe4 25. d5 Re5 26. c4 cxd5 27. cxd5 h3 28. Qd4 hxg2 29. Rad1 Kg6 30. Rd2 Qh8 31. Rxg2 Qh3 32. Rg3 Qh4 33. Qf2 Bc8 34. Ne6 Nf5 35. Rg2 Qxf2+ 36. Rxf2 Rxd5 37. Rxe4 Rd1+ 38. Rf1 Rd2 39. Nc5 Nh4 40. Re3 a5 41. Rxf6+ Kh5 42. h3 Rc2 43. Ne4 Rg2+ 44. Kf1 Bb7 45. Ng3+ 1-0


[Site "https://www.chess.com"]

[Event "Titled Tuesday Blitz October 26 2021"]
[White "Jobava, Baadur"]
[Black "Nakamura, Hikaru"]
[WhiteFideId "13601520"]
[BlackFideId "2016192"]
[WhiteElo "2731"]
[BlackElo "2884"]
[Result "0-1"]
[Round "10"]
[TimeControl "180+1"]
[Date "2021.10.26"]
[WhiteClock "0:00:01"]
[BlackClock "0:00:03"]

1. e4 e5 2. Nf3 Nc6 3. d4 exd4 4. Nxd4 Bc5 5. Nb3 Bb6 6. a4 a6 7. Nc3 Nf6 8. Bd3 h6 9. O-O d6 10. a5 Ba7 11. Qe1 Be6 12. Be3 Bxe3 13. Qxe3 Bxb3 14. cxb3 O-O 15. Rad1 Re8 16. f4 d5 17. e5 d4 18. Qf3 dxc3 19. bxc3 Nd7 20. Bf5 Re7 21. Qg4 Ncb8 22. Rd3 c6 23. Rfd1 Qxa5 24. Rg3 f6 25. Qg6 Nf8 26. Qxf6 Qc5+ 27. Kh1 Nbd7 28. Qxh6 Nxe5 29. fxe5 Qxe5 30. Rf1 Qxg3 31. Qh5 Qxc3 32. h4 Rae8 0-1


[Site "https://www.chess.com"]

[Event "Titled Tuesday Blitz October 26 2021"]
[White "Jones, Gawain C B"]
[Black "Andreikin, Dmitry"]
[WhiteFideId "409561"]
[BlackFideId "4158814"]
[WhiteElo "2657"]
[BlackElo "2736"]
[Result "1-0"]
[Round "10"]
[TimeControl "180+1"]
[Date "2021.10.26"]
[WhiteClock "0:00:04"]
[BlackClock "0:00:04"]

1. e4 g6 2. d4 Bg7 3. Nc3 c6 4. f4 Qb6 5. Nf3 Nh6 6. a3 O-O 7. Be3 d5 8. e5 Bg4 9. Na4 Qa5+ 10. c3 Nf5 11. Bd2 Bxf3 12. gxf3 Nd7 13. b4 Qd8 14. Bd3 e6 15. Qe2 b5 16. Nc5 a5 17. Bxf5 exf5 18. Nb7 Qc7 19. Nxa5 Rfe8 20. O-O Nf8 21. Nb3 Ne6 22. Nc5 Nxc5 23. dxc5 Re6 24. Be3 f6 25. exf6 Rae8 26. fxg7 Rxe3 27. Qd2 Qxf4 28. Rae1 Qg5+ 29. Kh1 f4 30. Rxe3 fxe3 31. Qe2 Kxg7 32. Rd1 Qf5 33. Re1 Qf6 34. Rc1 h5 35. Kg2 Kh6 36. Rc2 Qg5+ 37. Kf1 Qf5 38. Ke1 Qg5 39. Kd1 h4 40. Kc1 Qf4 41. Kb2 d4 42. cxd4 Qxd4+ 43. Rc3 g5 44. Kc2 Qd5 45. Kb2 Qe5 46. Kc2 h3 47. Kb3 Kg6 48. Rd3 Re6 49. Qc2 Qf5 50. Qe2 Qf4 51. Kc3 Kh6 52. Kb2 Qf5 53. Rxe3 Qf6+ 54. Kc2 Qf5+ 55. Kb2 Rf6 56. Rc3 Qf4 57. Qd3 Qxh2+ 58. Rc2 Qe5+ 59. Ka2 h2 60. Qd8 Rf7 61. Qd1 Rf4 62. Rxh2+ Rh4 63. Rd2 Qe6+ 64. Qb3 Qe1 65. Rd6+ Kg7 66. Rd7+ Kh6 67. Rd6+ Kg7 68. Qb2+ Kf8 69. Qf6+ Kg8 70. Rd8+ Kh7 71. Rh8# 1-0


[Site "https://www.chess.com"]

[Event "Titled Tuesday Blitz October 26 2021"]
[White "Kislov, Oleg"]
[Black "Sapunov, Evgeny"]
[WhiteFideId "13503774"]
[BlackFideId "4126661"]
[WhiteElo "2252"]
[BlackElo "2470"]
[Result "0-1"]
[Round "10"]
[TimeControl "180+1"]
[Date "2021.10.26"]
[WhiteClock "0:00:05"]
[BlackClock "0:00:45"]

1. d4 Nf6 2. Nc3 d5 3. Bg5 e6 4. e4 Bb4 5. e5 h6 6. Bd2 Bxc3 7. bxc3 Ne4 8. Qg4 Kf8 9. Bc1 c5 10. Bd3 Qa5 11. Ne2 cxd4 12. Bxe4 dxe4 13. Qxe4 dxc3 14. a4 Nc6 15. Ba3+ Kg8 16. Bd6 Qd5 17. Nxc3 Qxe4+ 18. Nxe4 b6 19. O-O-O Bb7 20. Rhe1 Kh7 21. Re3 Rhc8 22. Ba3 Nxe5 23. Nd6 Nc4 24. Nxc8 Nxe3 25. fxe3 Rxc8 26. Rd7 Be4 27. Rxf7 Rxc2+ 28. Kd1 Rxg2 29. h4 a6 30. Bd6 Bc2+ 31. Ke1 Bxa4 32. Ra7 Bb5 33. Rb7 Rg4 34. Be5 Bc4 35. Rxb6 Rxh4 36. Kf2 Rg4 37. Kf3 Rg5 38. Bf4 Rg1 39. Rd6 a5 40. Be5 a4 41. Rd7 a3 42. Ra7 a2 43. Kf2 Rg5 44. Bd4 e5 45. Bc3 h5 46. Ra4 Bg8 47. Ra5 h4 48. Rxe5 Rxe5 49. Bxe5 g5 50. Kf3 Kg6 51. Bb2 Bd5+ 52. e4 Be6 53. Bc3 g4+ 54. Kf4 g3 55. Kf3 Kh5 56. e5 Kg5 57. Bb2 Bd5+ 58. Ke2 h3 59. e6 Bxe6 60. Kf3 h2 61. Kg2 Bd5+ 62. Kxg3 h1=Q 63. Bc1+ Kf5 0-1


[Site "https://www.chess.com"]

[Event "Titled Tuesday Blitz October 26 2021"]
[White "Kobalia, Mikhail"]
[Black "Yaksin, Oleg"]
[WhiteFideId "4119150"]
[BlackFideId "24105880"]
[WhiteElo "2590"]
[BlackElo "2256"]
[Result "0-1"]
[Round "10"]
[TimeControl "180+1"]
[Date "2021.10.26"]
[WhiteClock "0:00:01"]
[BlackClock "0:00:05"]

1. e4 c5 2. Nf3 d6 3. d4 cxd4 4. Nxd4 Nf6 5. Nc3 Nc6 6. Bg5 e6 7. Qd2 Be7 8. O-O-O Qb6 9. Ndb5 O-O 10. Be3 Qa5 11. Kb1 Rd8 12. Be2 d5 13. exd5 exd5 14. Nd4 a6 15. g4 Bxg4 16. Rhg1 Bxe2 17. Qxe2 Nxd4 18. Bxd4 Re8 19. Qe5 Qd8 20. Nxd5 Qxd5 21. Rxg7+ Kf8 22. Qg3 Bc5 23. c3 Bxd4 24. cxd4 Rac8 25. a3 Re2 26. Rg5 Qc4 27. Qd6+ Ke8 28. Re5+ Rxe5 29. dxe5 Ne4 30. Qd7+ Kf8 31. e6 Qxe6 32. Qd4 Nf6 33. Ka1 Re8 34. Qb4+ Qe7 35. Qd4 Qe5 36. Qb4+ Kg7 37. Rg1+ Kh8 38. Qh4 Qf5 39. Qd4 Qe5 40. Qh4 Rg8 41. Rd1 b5 42. Qb4 Re8 43. Qa5 Qe6 44. Qc3 Qe5 45. Qa5 Ne4 0-1


[Site "https://www.chess.com"]

[Event "Titled Tuesday Blitz October 26 2021"]
[White "Leitao, Rafael"]
[Black "Budrewicz, Krzysztof"]
[WhiteFideId "2101246"]
[BlackFideId "1127950"]
[WhiteElo "2609"]
[BlackElo "2242"]
[Result "1/2-1/2"]
[Round "10"]
[TimeControl "180+1"]
[Date "2021.10.26"]
[WhiteClock "0:00:06"]
[BlackClock "0:00:08"]

1. c4 Nf6 2. Nc3 g6 3. g3 Bg7 4. Bg2 O-O 5. Nf3 c5 6. d4 d6 7. O-O Nc6 8. dxc5 dxc5 9. Bf4 Qa5 10. Nd5 Nxd5 11. cxd5 Nd4 12. Nxd4 Bxd4 13. Qb3 Qb6 14. Rac1 Bg4 15. Rc2 Bf5 16. Rd2 Rfd8 17. Rfd1 Rac8 18. e3 Bg7 19. Qxb6 axb6 20. e4 Bg4 21. f3 Bd7 22. e5 Bb5 23. Bh3 Ra8 24. a3 h6 25. e6 Bd4+ 26. Kg2 Rxd5 27. Bxh6 f6 28. Bf4 Bc6 29. Bc7 b5 30. Bb6 Ra4 31. b4 Rxa3 32. Bxc5 Bxc5 33. Rxd5 Bxb4 34. R5d3 Ra2+ 35. Kh1 Kg7 36. Bg2 Bc5 37. Rd7 b6 38. Rc7 Ba8 39. Rc8 b4 40. Rb1 Bd5 41. Rd8 Bxe6 42. Rd3 Bc4 43. Rdd1 e5 44. Rdc1 Bd5 45. h4 Kh6 46. Rd1 Bc6 47. Rdc1 g5 48. Rxb4 Bxb4 49. Rxc6 Ra1+ 50. Kh2 Bc5 51. Rxf6+ Kg7 52. hxg5 Be3 53. Rf5 Ra5 54. f4 exf4 55. Rxa5 fxg3+ 56. Kxg3 bxa5 57. Kg4 a4 58. Bd5 a3 59. Kf5 Bxg5 60. Kxg5 a2 61. Bxa2 1/2-1/2


[Site "https://www.chess.com"]

[Event "Titled Tuesday Blitz October 26 2021"]
[White "Maksimovic, Bojan"]
[Black "Hakobyan, Aram"]
[WhiteFideId "14408120"]
[BlackFideId "13306677"]
[WhiteElo "2439"]
[BlackElo "2557"]
[Result "0-1"]
[Round "10"]
[TimeControl "180+1"]
[Date "2021.10.26"]
[WhiteClock "0:00:03"]
[BlackClock "0:00:48"]

1. Nf3 d5 2. c4 c6 3. e3 Nf6 4. b3 Bg4 5. h3 Bxf3 6. Qxf3 e5 7. Bb2 Bd6 8. Nc3 d4 9. Ne4 Nxe4 10. Qxe4 O-O 11. g4 Nd7 12. Qc2 Re8 13. Bd3 g6 14. O-O-O Nc5 15. h4 e4 16. Bf1 d3 17. Qb1 a5 18. h5 g5 19. f3 b5 20. cxb5 cxb5 21. Bd4 Rc8 22. Kb2 Be5 23. Bxe5 Rxe5 24. Ka1 exf3 25. Rc1 Rd5 26. Qb2 Rd6 27. h6 f6 28. Rh3 Rdc6 29. Rc3 Qd5 30. Qc1 Ne4 0-1


[Site "https://www.chess.com"]

[Event "Titled Tuesday Blitz October 26 2021"]
[White "Mamedyarov, Shakhriyar"]
[Black "Sviridov, Valery"]
[WhiteFideId "13401319"]
[BlackFideId "4120680"]
[WhiteElo "2754"]
[BlackElo "2454"]
[Result "1-0"]
[Round "10"]
[TimeControl "180+1"]
[Date "2021.10.26"]
[WhiteClock "0:00:20"]
[BlackClock "0:00:07"]

1. d4 g6 2. Nf3 Bg7 3. c4 d6 4. Nc3 e5 5. g3 exd4 6. Nxd4 Nf6 7. Bg2 O-O 8. O-O Re8 9. h3 Nbd7 10. e4 Nc5 11. Re1 c6 12. Bf4 Nh5 13. Be3 Nf6 14. Qc2 a5 15. Rad1 Qe7 16. f4 Nfxe4 17. Nxe4 Nxe4 18. Bxe4 Qxe4 19. Bf2 Qxe1+ 20. Bxe1 Bxd4+ 21. Rxd4 Rxe1+ 22. Kf2 Re8 23. g4 d5 24. cxd5 cxd5 25. f5 Bd7 26. Rxd5 Bc6 27. Rd6 Rad8 28. Qd2 Rxd6 29. Qxd6 gxf5 30. gxf5 Kg7 31. Qd4+ f6 32. Qg4+ Kf7 33. Qh4 Kg7 34. Qg3+ Kf7 35. Qc7+ Re7 36. Qxa5 Re5 37. Qc7+ Kf8 38. Qc8+ Kg7 39. Qc7+ Kh6 40. Qc8 Kg7 41. b4 Be4 42. Kg3 Rxf5 43. Qd7+ Kh6 44. Qd4 Rf3+ 45. Kh2 f5 46. a4 Rd3 47. Qf6+ Kh5 48. Qf7+ Kh6 49. Qf6+ Kh5 50. Qf7+ Kh6 51. b5 Rd2+ 52. Kg3 b6 53. Kh4 Rg2 54. Qf6+ Rg6 55. Qf8+ Rg7 56. Qd8 Rg6 57. Qd4 Bb7 58. Qd2+ Kg7 59. Qd7+ 1-0


[Site "https://www.chess.com"]

[Event "Titled Tuesday Blitz October 26 2021"]
[White "Martinez Alcantara, Jose Eduardo"]
[Black "Nesterov, Arseniy"]
[WhiteFideId "3805662"]
[BlackFideId "24198455"]
[WhiteElo "2690"]
[BlackElo "2494"]
[Result "1-0"]
[Round "10"]
[TimeControl "180+1"]
[Date "2021.10.26"]
[WhiteClock "0:00:32"]
[BlackClock "0:00:11"]

1. e4 e5 2. Nf3 Nc6 3. Bb5 a6 4. Ba4 b5 5. Bb3 Na5 6. O-O d6 7. d4 exd4 8. Nxd4 Bb7 9. c3 c5 10. Nf5 g6 11. Ng3 Nxb3 12. axb3 Nf6 13. c4 h5 14. f3 Be7 15. Nc3 b4 16. Nce2 O-O 17. Bh6 Re8 18. Qd2 Nd7 19. Rad1 Nf8 20. Bf4 h4 21. Nh1 Ne6 22. Be3 Bf6 23. Nf2 Bg7 24. Ng4 a5 25. Nf4 Nd4 26. Ne2 Nxb3 27. Qc2 a4 28. Bf4 Nd4 29. Nxd4 cxd4 30. Qd2 Qb6 31. Kh1 a3 32. Bh6 Bh8 33. Bg5 Re6 34. bxa3 Rxa3 35. Qf4 h3 36. Nh6+ Kh7 37. Qxf7+ Bg7 38. Qg8# 1-0


[Site "https://www.chess.com"]

[Event "Titled Tuesday Blitz October 26 2021"]
[White "Mirzoev, Azer"]
[Black "Bortnyk, Olexandr"]
[WhiteFideId "13400304"]
[BlackFideId "14120828"]
[WhiteElo "2525"]
[BlackElo "2723"]
[Result "0-1"]
[Round "10"]
[TimeControl "180+1"]
[Date "2021.10.26"]
[WhiteClock "0:00:09"]
[BlackClock "0:00:57"]

1. d4 f5 2. c4 Nf6 3. Nc3 d6 4. Nf3 c6 5. Bf4 g6 6. e3 Bg7 7. h3 O-O 8. Bh2 Kh8 9. Be2 Be6 10. O-O Bg8 11. b4 a5 12. b5 Nbd7 13. bxc6 bxc6 14. Rb1 a4 15. Qc2 Qa5 16. Rfc1 Rfb8 17. Nd2 e5 18. Bf3 Rxb1 19. Rxb1 Qa6 20. dxe5 dxe5 21. Rb4 a3 22. Ra4 Qc8 23. Nb3 Rxa4 24. Nxa4 e4 25. Be2 Qa6 26. Nac5 Nxc5 27. Nxc5 Qb6 28. Nb3 Nd7 29. Bd6 c5 30. Qd2 Be6 31. Be7 Be5 32. Qa5 Qxa5 33. Nxa5 Bc3 34. Nb3 Bb4 35. f3 exf3 36. gxf3 Kg7 37. f4 Kf7 38. Bd6 Nb6 39. Bxc5 Bxc5 40. Nxc5 Bxc4 41. Kf2 Bxa2 42. Na4 Nxa4 0-1


[Site "https://www.chess.com"]

[Event "Titled Tuesday Blitz October 26 2021"]
[White "Nenezic, Marko"]
[Black "Guliev, Logman"]
[WhiteFideId "912123"]
[BlackFideId "13400061"]
[WhiteElo "2484"]
[BlackElo "2128"]
[Result "1-0"]
[Round "10"]
[TimeControl "180+1"]
[Date "2021.10.26"]
[WhiteClock "0:01:24"]
[BlackClock "0:00:34"]

1. d4 Nf6 2. c4 e6 3. Nc3 Bb4 4. e3 O-O 5. Ne2 b6 6. a3 Be7 7. e4 Bb7 8. Ng3 d6 9. Bd3 Nbd7 10. O-O c5 11. d5 Re8 12. f4 exd5 13. cxd5 Bf8 14. a4 Rc8 15. Re1 c4 16. Bc2 Nc5 17. Be3 g6 18. h3 Bg7 19. Bf2 a6 20. Qd2 Qd7 21. Rad1 Rcd8 22. Bxc5 bxc5 23. Qe2 Nxe4 24. Ngxe4 f5 25. Qxc4 fxe4 26. Bxe4 Qf7 27. Rf1 Re7 28. f5 Bd4+ 29. Kh1 Rxe4 30. Nxe4 Bxd5 31. Qxd5 Qxd5 32. Nf6+ Bxf6 33. Rxd5 Bxb2 34. fxg6 hxg6 35. Rfd1 Bd4 36. h4 Kf7 37. Re1 Kf6 38. Kh2 Be5+ 39. Rexe5 1-0


[Site "https://www.chess.com"]

[Event "Titled Tuesday Blitz October 26 2021"]
[White "Noboa Silva, Kevin"]
[Black "Piesik, Piotr"]
[WhiteFideId "3618471"]
[BlackFideId "1136194"]
[WhiteElo "2161"]
[BlackElo "2336"]
[Result "0-1"]
[Round "10"]
[TimeControl "180+1"]
[Date "2021.10.26"]
[WhiteClock "0:00:01"]
[BlackClock "0:00:28"]

1. d4 c5 2. d5 e5 3. e4 d6 4. Nc3 Be7 5. Nf3 a6 6. a4 Bg4 7. Be2 Bxf3 8. Bxf3 Bg5 9. Bxg5 Qxg5 10. Qd2 Qxd2+ 11. Kxd2 Nd7 12. b3 Ne7 13. a5 f5 14. Rab1 Rc8 15. Rhe1 f4 16. Bg4 Rc7 17. Bxd7+ Kxd7 18. Na4 Nc8 19. c4 g5 20. b4 cxb4 21. Rxb4 Ne7 22. Reb1 Rb8 23. Kd3 Ng6 24. Rb6 Nh4 25. g3 Nf3 26. h3 h5 27. Rxa6 bxa6 28. Rxb8 Ng1 29. Nb6+ Ke7 30. gxf4 exf4 31. Rh8 Nxh3 32. Rh7+ Kd8 33. Rxh5 Nxf2+ 34. Kd4 Rg7 35. e5 dxe5+ 36. Kxe5 Nd3+ 37. Kf6 Rg8 38. Kf7 f3 39. Kxg8 f2 40. Rh1 g4 41. c5 g3 42. c6 g2 43. Rh7 g1=Q+ 44. Kh8 Qa1+ 45. Kg8 Qe5 46. Rd7+ Ke8 47. c7 Qg5+ 48. Kh8 Qh5+ 49. Kg8 Qg4+ 50. Kh8 Qxd7 51. Nxd7 Kxd7 52. d6 f1=Q 53. c8=Q+ Kxc8 54. d7+ Kxd7 0-1


[Site "https://www.chess.com"]

[Event "Titled Tuesday Blitz October 26 2021"]
[White "Paltrinieri, Nicholas"]
[Black "Lazavik, Denis"]
[WhiteFideId "828262"]
[BlackFideId "13515110"]
[WhiteElo "2254"]
[BlackElo "2436"]
[Result "1/2-1/2"]
[Round "10"]
[TimeControl "180+1"]
[Date "2021.10.26"]
[WhiteClock "0:00:08"]
[BlackClock "0:00:07"]

1. d4 d5 2. Bf4 Nf6 3. e3 e6 4. Nd2 Bd6 5. Bd3 O-O 6. Ngf3 c5 7. c3 Bxf4 8. exf4 b6 9. Qe2 a5 10. O-O Ba6 11. Bxa6 Nxa6 12. Ne5 Qc7 13. Rac1 Nb8 14. Rfe1 Nc6 15. Nxc6 Qxc6 16. Nf3 c4 17. Ne5 Qd6 18. h4 b5 19. h5 b4 20. h6 g6 21. g3 Rab8 22. Ng4 Ne4 23. Kg2 f5 24. f3 fxg4 25. fxe4 a4 26. exd5 Qxd5+ 27. Kh2 a3 28. bxa3 bxa3 29. Rc2 Rb6 30. Qxg4 Rfb8 31. Re5 Qc6 32. Ree2 Rb2 33. Qg5 Rxc2 34. Rxc2 Rb1 35. Rg2 Kf7 36. Qe5 Qd5 37. Qg7+ Ke8 38. Qh8+ Kd7 39. Qxh7+ Kc6 40. Qxg6 Rb2 41. Rxb2 axb2 42. h7 Qf5 43. Qxf5 exf5 44. h8=Q b1=Q 45. Qc8+ Kd5 46. Qd7+ Ke4 47. Qe6+ Kf3 48. Qd5+ Kg4 49. Qg8+ Kf3 50. Qd5+ Kg4 51. Qxc4 Qc2+ 52. Kg1 Kxg3 53. Qg8+ Kxf4 54. Qg2 Qxc3 55. Qf2+ Ke4 56. Qe2+ Kxd4 57. Qf2+ Ke4 58. Qe2+ Kf4 59. Qf2+ Ke5 60. Qe2+ Kf6 61. Qf2 Qa1+ 62. Kg2 Qe5 63. Qh4+ Kg6 64. Qg3+ Qxg3+ 65. Kxg3 Kf6 66. Kf4 Ke6 67. a4 Kd6 68. a5 Kc6 69. Kxf5 Kb7 70. a6+ Kxa6 1/2-1/2


[Site "https://www.chess.com"]

[Event "Titled Tuesday Blitz October 26 2021"]
[White "Rostovtsev, Dmitry"]
[Black "Cardoso Cardoso, Jose Gabriel"]
[WhiteFideId "34278320"]
[BlackFideId "4430492"]
[WhiteElo "2294"]
[BlackElo "2343"]
[Result "0-1"]
[Round "10"]
[TimeControl "180+1"]
[Date "2021.10.26"]
[WhiteClock "0:00:00"]
[BlackClock "0:00:12"]

1. d4 Nf6 2. Bf4 h6 3. h3 g5 4. Bh2 Bg7 5. e3 d6 6. c4 c5 7. Nc3 O-O 8. dxc5 dxc5 9. Qxd8 Rxd8 10. Rd1 Rxd1+ 11. Kxd1 Nc6 12. Bd3 Be6 13. Nf3 Rd8 14. Ke2 Nb4 15. Rd1 Rxd3 16. Rxd3 Bxc4 17. Ne5 Ba6 18. Kd2 Nxd3 19. Nxd3 b6 20. Bb8 Nd7 21. Bxa7 Kf8 22. Nd5 c4 23. N3b4 Bb7 24. f3 Bxb2 25. Nxb6 Nxb6 26. Bxb6 Ke8 27. Bd4 Ba3 28. Nc2 Bd6 29. Kc3 e5 30. Bb6 e4 31. Nd4 exf3 32. Nxf3 Bd5 33. a4 Kd7 34. a5 Kc6 35. Bd8 Kb5 36. Nd4+ Ka6 37. Nf3 Bf8 38. Kd4 Be6 39. Bc7 Bb4 40. Be5 Kxa5 41. Nd2 Bxd2 42. Ke4 Kb4 43. Bd4 c3 0-1


[Site "https://www.chess.com"]

[Event "Titled Tuesday Blitz October 26 2021"]
[White "Schmakel, Sam"]
[Black "Zhigalko, Sergei"]
[WhiteFideId "2039311"]
[BlackFideId "13502956"]
[WhiteElo "2356"]
[BlackElo "2662"]
[Result "0-1"]
[Round "10"]
[TimeControl "180+1"]
[Date "2021.10.26"]
[WhiteClock "0:00:36"]
[BlackClock "0:00:43"]

1. Nf3 d5 2. e3 c6 3. b3 Bf5 4. Bb2 e6 5. c4 Nf6 6. Nc3 Be7 7. d4 O-O 8. Bd3 Bxd3 9. Qxd3 Nbd7 10. O-O Qa5 11. a3 Qa6 12. e4 Rfd8 13. Rfd1 Nc5 14. dxc5 dxe4 15. Qe3 exf3 16. b4 Qxc4 17. Qxf3 a5 18. Na4 Rxd1+ 19. Rxd1 Rd8 20. Nb6 Qc2 21. Bd4 e5 22. Re1 Rxd4 23. h3 Re4 24. Rxe4 Nxe4 25. Qf5 Qc1+ 0-1


[Site "https://www.chess.com"]

[Event "Titled Tuesday Blitz October 26 2021"]
[White "Sellitti, Federico"]
[Black "Tristan, Leonardo"]
[WhiteFideId "821829"]
[BlackFideId "113816"]
[WhiteElo "2601"]
[BlackElo "2404"]
[Result "0-1"]
[Round "10"]
[TimeControl "180+1"]
[Date "2021.10.26"]
[WhiteClock "0:00:04"]
[BlackClock "0:00:12"]

1. e4 d5 2. exd5 Qxd5 3. Nc3 Qa5 4. g3 e5 5. Bg2 Nf6 6. d3 Bd6 7. Be3 O-O 8. Ne2 c6 9. O-O Re8 10. a3 Be6 11. b4 Qc7 12. b5 Nbd7 13. Rb1 Nb6 14. a4 Nbd5 15. Bd2 Rad8 16. a5 h6 17. a6 Nxc3 18. Nxc3 Nd5 19. bxc6 bxc6 20. Rb7 Qa5 21. Qa1 Qxa1 22. Rxa1 Bc5 23. Na4 Bd4 24. c3 Bb6 25. Nxb6 axb6 26. Bxd5 Bxd5 27. Rxb6 Bf3 28. a7 c5 29. Be3 Rxd3 30. Rb8 Rdd8 31. Rab1 Kh7 32. Bxc5 g5 33. Be3 Kg6 34. c4 Kf5 35. c5 Kg4 36. R8b6 f5 37. Rxh6 f4 38. h3+ Kf5 39. g4+ Ke4 40. Rd6 fxe3 41. fxe3 Kxe3 42. Rbd1 Bxd1 43. Rxd8 Rxd8 44. c6 Bf3 45. c7 Rd1+ 46. Kh2 Rh1+ 47. Kg3 Rg1+ 48. Kh2 Rg2+ 49. Kh1 Rc2+ 50. Kg1 Rxc7 0-1


[Site "https://www.chess.com"]

[Event "Titled Tuesday Blitz October 26 2021"]
[White "Shimelkov, Vasiliy"]
[Black "Chernobay, Artem"]
[WhiteFideId "13701630"]
[BlackFideId "4167406"]
[WhiteElo "2073"]
[BlackElo "2480"]
[Result "1-0"]
[Round "10"]
[TimeControl "180+1"]
[Date "2021.10.26"]
[WhiteClock "0:00:25"]
[BlackClock "0:00:03"]

1. d4 Nf6 2. c4 g6 3. Nf3 Bg7 4. Nc3 d6 5. e4 O-O 6. Be2 e5 7. dxe5 dxe5 8. Qxd8 Rxd8 9. Bg5 Re8 10. O-O c6 11. Rfd1 Nbd7 12. Nd2 Nc5 13. f3 Ne6 14. Be3 Bf8 15. Nb3 a5 16. Na4 Nd7 17. Rd2 Bb4 18. Rc2 Rb8 19. a3 Bf8 20. Rd1 b5 21. cxb5 cxb5 22. Nac5 Ndxc5 23. Nxc5 b4 24. axb4 Rxb4 25. b3 Nd4 26. Bxd4 exd4 27. Ra1 Bxc5 28. Rxc5 Rxb3 29. Raxa5 d3 30. Bf1 Be6 31. Rc1 Rd8 32. Rd1 Rb2 33. Rxd3 Rxd3 34. Bxd3 h5 35. e5 Kg7 36. Be4 Rd2 37. h4 Ra2 38. Rxa2 Bxa2 39. Kf2 Kf8 40. Ke3 Ke7 41. g4 hxg4 42. fxg4 Be6 43. Kf4 Kf8 44. Kg5 Kg7 45. h5 gxh5 46. gxh5 Kh8 47. Kf6 Ba2 48. Bc6 Kg8 49. Ke7 Be6 50. Bd7 Bd5 51. Bf5 Bc4 52. Kf6 Bd5 53. h6 Bc4 54. Bd7 Bd5 55. Be8 Bc4 56. Bxf7+ Bxf7 57. h7+ 1-0


[Site "https://www.chess.com"]

[Event "Titled Tuesday Blitz October 26 2021"]
[White "Siva Mahadevan"]
[Black "Zheng, Andrew"]
[WhiteFideId "25043153"]
[BlackFideId "2076810"]
[WhiteElo "2203"]
[BlackElo "2175"]
[Result "1-0"]
[Round "10"]
[TimeControl "180+1"]
[Date "2021.10.26"]
[WhiteClock "0:02:49"]
[BlackClock "0:01:46"]

1. e4 g6 2. d4 Bg7 3. Nc3 c6 4. Nf3 d5 5. h3 dxe4 6. Nxe4 Nf6 7. Nxf6+ Bxf6 8. Bd3 O-O 9. c3 Nd7 10. O-O c5 11. Bh6 Re8 12. Re1 cxd4 13. Nxd4 Nc5 14. Bc4 a6 15. Qf3 Nd7 16. Rad1 Qc7 17. Bxf7+ Kxf7 18. Qd5+ e6 19. Nxe6 1-0


[Site "https://www.chess.com"]

[Event "Titled Tuesday Blitz October 26 2021"]
[White "Solon, Nathan"]
[Black "Srihari L R"]
[WhiteFideId "2017229"]
[BlackFideId "46617116"]
[WhiteElo "2630"]
[BlackElo "2121"]
[Result "1/2-1/2"]
[Round "10"]
[TimeControl "180+1"]
[Date "2021.10.26"]
[WhiteClock "0:00:04"]
[BlackClock "0:00:06"]

1. b3 e5 2. Bb2 d6 3. c4 g6 4. d4 Bg7 5. dxe5 dxe5 6. Qxd8+ Kxd8 7. Nf3 f6 8. Nc3 c6 9. O-O-O Kc7 10. Ba3 Be6 11. Ne4 Nh6 12. Bd6+ Kc8 13. Nc5 Re8 14. g3 Bg4 15. h3 Bxf3 16. exf3 Nf7 17. Bxb8 Rxb8 18. h4 f5 19. h5 Bf8 20. Nd7 Be7 21. Nxb8 Kxb8 22. hxg6 hxg6 23. Rh7 Ng5 24. Rg7 Nxf3 25. Rxg6 Bc5 26. Bg2 Nd4 27. Rh1 e4 28. Rh7 Ne6 29. g4 Nf4 30. gxf5 Bxf2 31. Rgg7 Nxg2 32. f6 Nf4 33. Rxb7+ Ka8 34. Rbe7 Rf8 35. f7 Bc5 36. Rxe4 Ng6 37. Rg4 Ne5 38. Rg8 Kb7 39. Rxf8 Bxf8 40. Rh8 Ba3+ 41. Kc2 Nd7 42. Kd3 Kc7 43. Ke4 Bf8 44. Kf5 Kd6 45. Rh1 Ke7 46. Rd1 Nc5 47. Kg6 Ne6 48. Re1 c5 49. a3 Kd6 50. Kh7 Ke7 51. Kg8 Bh6 52. Rh1 Bf8 53. Re1 Bh6 54. Rh1 Bf8 55. Re1 1/2-1/2


[Site "https://www.chess.com"]